Map: Frozen Temple

Players

Pokebunny

  • Race: Terran Terran
  • League: Grandmaster

RoO - Winner!

  • Race: Terran Terran
  • League: Grandmaster

VOD

Have the link to the VOD?

Description

Time

  • Played on: April 4, 2016, 11:07 p.m.
  • Length: 12:40
Show
View Real Time Build Order
Export as new Build Order

Pokebunny Terran 

Build Orders: Reaper Expand, Bio Tank 

Get SALT Encoding   

  12  0:01  SCV  
  13  0:13  SCV  
  14  0:18  Supply Depot  
  14  0:25  SCV  
  15  0:40  SCV  
  15  0:41  Barracks  
  16  0:45  Refinery  
  16  0:52  SCV  
  17  1:05  SCV  
  18  1:17  SCV  
  19  1:28  Reaper  
  19  1:29  Orbital Command  
  20  1:40  Command Center  
  20  1:50  Supply Depot  
  20  1:55  SCV  
  20  2:00  Marine  
  22  2:04  Factory  
  22  2:07  SCV  
  23  2:11  Refinery  
  23  2:18  Marine  
  24  2:32  SCV  
  24  2:36  Marine  
  26  2:44  SCV  
  26  2:48  Starport  
  26  2:49  Hellion  
  29  2:54  Marine  
  30  3:05  Orbital Command  
  30  3:10  Widow Mine  
  30  3:11  SCV  
  30  3:12  Marine  
  34  3:23  SCV  
  34  3:24  Medivac  
  37  3:35  SCV  
  38  3:41  Barracks Tech Lab  
  38  3:45  Barracks  
  38  3:46  Factory Tech Lab  
  38  3:47  Barracks  
  38  3:55  Starport Reactor  
  36  3:58  SCV  
  36  3:59  SCV  
  36  4:00  Marine  
  36  4:01  Stimpack  
  39  4:12  Siege Tank  
  39  4:16  Supply Depot  
  42  4:18  Marine  
  42  4:36  Marine  
  42  4:38  Barracks Reactor x2  
  41  4:50  Siege Tank, Command Center  
  41  4:51  SCV x2  
  46  4:54  Marine  
  46  4:55  Refinery  
  46  4:57  Refinery, Supply Depot  
  47  5:08  Medivac  
  47  5:12  Marine  
  47  5:13  SCV x2  
  50  5:15  Marine x2  
  50  5:16  Marine x2  
  50  5:17  Supply Depot  
  54  5:27  SCV x2  
  56  5:34  Marine x4  
  60  5:38  Siege Tank  
  60  5:40  Supply Depot  
  60  5:41  Medivac  
  65  5:57  Marine x5  
  65  6:01  Supply Depot, SCV x2  
  71  6:06  Orbital Command  
  71  6:13  Siege Tank  
  71  6:17  Combat Shields  
  74  6:27  SCV  
  74  6:28  Marine, SCV  
  74  6:29  Marine x3  
  80  6:37  Supply Depot  
  80  6:39  Marine  
  80  6:43  Engineering Bay  
  80  6:45  Engineering Bay  
  81  6:53  Siege Tank, Marine x3  
  87  6:55  Marine  
  87  7:00  SCV x2  
  90  7:06  Supply Depot  
  90  7:08  Marine  
  90  7:10  Marine  
  90  7:11  Marine  
  90  7:12  Medivac  
  90  7:15  SCV x2  
  94  7:33  Marine x3  
  88  7:43  Medivac x2  
  85  7:45  SCV x2  
  85  7:48  Siege Tank  
  87  7:54  SCV  
  87  7:57  SCV  
  89  8:00  Orbital Command  
  79  8:07  Marine x4  
  79  8:12  Terran Infantry Armor Level 1, Terran Infantry Weapons Level 1  
  76  8:16  SCV x2  
  76  8:17  Barracks x2  
  65  8:28  Siege Tank  
  65  8:29  Marine x5  
  65  8:33  Medivac  
  65  8:34  Medivac  
  76  8:38  SCV x2  
  76  8:40  SCV  
  79  8:55  Marine x4  
  80  8:56  Marine  
  80  8:59  SCV x3  
  87  9:03  Siege Tank  
  87  9:05  Barracks Reactor x2, Supply Depot  
  90  9:11  SCV x2  
  80  9:26  SCV x3  
  83  9:32  Marine x3  
  83  9:33  Marine x2  
  83  9:34  Medivac x2  
  83  9:36  Siege Tank  
  93  9:40  Supply Depot  
  93  9:45  SCV x3  
  96  9:48  Missile Turret  
  96  9:52  Missile Turret  
  96  9:53  Missile Turret  
  96  9:54  Missile Turret x3  
  96  9:56  Marine x8  
  96  9:59  SCV  
  105  10:00  SCV  
  105  10:01  Armory  
  105  10:06  Refinery  
  106  10:07  Refinery  
  106  10:12  Siege Tank  
  109  10:17  Marine x2  
  109  10:18  Marine x4  
  112  10:40  SCV x3  
  112  10:41  Marine  
  112  10:42  Marine x2  
  104  10:45  Medivac x2  
  104  10:49  Siege Tank  
  107  10:52  SCV x3  
  107  10:56  Marine  
  111  10:57  Marine x4  
  115  11:04  SCV x2  
  117  11:15  Supply Depot  
  117  11:16  Supply Depot  
  116  11:22  Siege Tank, Medivac x2  
  98  11:43  SCV x3  
  96  11:49  Marine x2  
  96  11:50  Marine x7  
  108  11:54  Siege Tank  
  108  11:55  SCV x3  
  108  11:56  Command Center  
  111  12:08  Marine  
  111  12:09  Marine x7  
  111  12:15  Factory  
  119  12:21  Barracks Reactor  
Show
View Real Time Build Order
Export as new Build Order

RoO Terran - Winner!

Build Orders: Reaper Expand, Bio Tank 

Get SALT Encoding   

  12  0:01  SCV  
  13  0:13  SCV  
  14  0:19  Supply Depot  
  14  0:25  SCV  
  15  0:41  SCV  
  16  0:42  Barracks  
  16  0:46  Refinery  
  16  0:53  SCV  
  17  1:05  SCV  
  18  1:20  SCV  
  19  1:34  Reaper, Orbital Command  
  20  1:45  Command Center  
  20  1:54  Supply Depot  
  20  2:00  SCV  
  21  2:06  Marine  
  22  2:14  Factory, SCV  
  23  2:24  Marine  
  23  2:26  SCV  
  23  2:27  Refinery  
  25  2:38  SCV  
  26  2:44  Marine  
  26  2:50  SCV  
  28  3:04  SCV  
  29  3:08  Orbital Command  
  29  3:10  Starport  
  30  3:17  Factory Tech Lab, Barracks Reactor  
  30  3:19  SCV  
  29  3:25  Command Center  
  29  3:32  SCV  
  30  3:42  SCV  
  30  3:44  Siege Tank  
  30  3:46  SCV  
  35  3:52  Viking  
  35  3:54  Marine, SCV  
  35  3:55  Marine  
  39  3:58  SCV  
  39  3:59  Supply Depot  
  40  4:06  Engineering Bay, SCV  
  39  4:10  SCV  
  39  4:12  Marine x2  
  42  4:18  SCV  
  42  4:23  Siege Tank  
  46  4:30  SCV  
  46  4:31  SCV  
  46  4:41  Orbital Command  
  46  4:42  Marine x2  
  46  4:43  SCV x2  
  50  4:49  Viking  
  52  4:55  SCV x2  
  52  4:57  Refinery  
  54  5:01  Barracks  
  54  5:03  Refinery, Siege Tank  
  55  5:07  SCV  
  55  5:08  SCV x2  
  58  5:19  SCV, Terran Infantry Weapons Level 1  
  58  5:20  SCV x2  
  61  5:28  Barracks Tech Lab  
  61  5:31  SCV  
  61  5:33  SCV x2  
  61  5:34  Barracks  
  64  5:36  Barracks  
  64  5:41  Barracks  
  64  5:44  Supply Depot, SCV  
  64  5:45  SCV  
  64  5:47  Marine  
  64  5:48  Stimpack  
  67  5:50  Barracks Reactor  
  67  5:52  Barracks Tech Lab  
  67  5:53  Viking  
  67  5:55  Orbital Command  
  69  6:01  Supply Depot  
  69  6:05  SCV x2  
  73  6:12  Medivac  
  73  6:14  Supply Depot  
  73  6:16  Marine x2  
  73  6:17  SCV  
  76  6:18  Combat Shields  
  76  6:22  Siege Tank  
  76  6:25  Marine x2  
  79  6:26  Viking  
  79  6:27  SCV  
  79  6:28  SCV  
  79  6:32  SCV  
  84  6:39  SCV  
  86  6:40  SCV  
  86  6:43  Barracks Reactor x2  
  86  6:44  SCV  
  87  6:49  Supply Depot  
  87  6:51  Barracks Reactor, Supply Depot, SCV  
  87  6:52  Marine x2, SCV  
  91  6:56  SCV  
  92  7:03  SCV  
  92  7:04  Armory  
  92  7:07  Engineering Bay  
  93  7:10  Marine x2, Medivac  
  93  7:11  SCV x2  
  93  7:14  Siege Tank  
  98  7:28  Marine x2  
  87  7:38  Marine  
  87  7:41  Marine x2  
  80  7:52  Marine x2  
  80  7:53  Marine x3  
  80  7:54  Siege Tank  
  80  7:56  Viking x2, Marine  
  93  7:59  Marine x2  
  93  8:02  Orbital Command  
  91  8:10  Marine x2  
  91  8:11  Marine x2  
  86  8:20  Marine x3  
  86  8:21  Marine  
  86  8:26  Siege Tank  
  87  8:27  Marine, SCV x3  
  87  8:28  Marine  
  87  8:29  Marine x2  
  87  8:33  Terran Infantry Weapons Level 2  
  93  8:34  Terran Infantry Armor Level 1  
  93  8:35  Terran Vehicle Weapons Level 1  
  93  8:36  Barracks x2  
  93  8:37  Marine  
  93  8:38  Marine x2  
  93  8:39  Medivac x2  
  93  8:40  SCV x2  
  102  8:43  SCV  
  102  8:47  Supply Depot  
  103  8:49  Marine  
  103  8:50  Marine  
  103  8:52  SCV  
  106  8:58  SCV, Missile Turret  
  107  9:04  Sensor Tower  
  107  9:05  SCV x2  
  107  9:09  Refinery x2, Siege Tank  
  112  9:10  Supply Depot  
  112  9:11  Marine x2  
  109  9:17  SCV x2  
  106  9:29  SCV x2  
  107  9:33  SCV  
  107  9:36  Marine x2  
  107  9:38  Barracks Reactor x2  
  110  9:39  Marine x2  
  110  9:40  Marine x3  
  110  9:41  SCV x2  
  110  9:44  Siege Tank  
  110  9:45  SCV  
  121  9:51  Medivac  
  121  9:52  Medivac  
  125  9:58  Marine x2, Supply Depot, SCV x2  
  129  10:08  Marine  
  129  10:09  Marine  
  131  10:16  Marine x2  
  131  10:19  Marine x4, Siege Tank, Command Center  
  140  10:28  Marine  
  140  10:32  Marine, Medivac  
  140  10:34  Marine x3, Medivac  
  141  10:35  Marine x2  
  138  10:47  Marine x2  
  138  10:48  Marine x3  
  130  10:54  Marine x2  
  130  10:55  Marine x2  
  130  10:56  Marine x2  
  137  11:01  SCV x2  
  137  11:02  Medivac  
  140  11:08  Supply Depot  
  140  11:16  Marine  
  141  11:30  Siege Tank, Marine x4, Medivac  
  147  11:34  Supply Depot  
  147  11:35  Marine x2  
  147  11:38  Marine x5  
  147  11:39  Marine  
  142  11:48  Marine x3  
  142  11:50  Marine  
  142  11:52  Marine  
  142  11:54  Marine  
  145  11:55  Marine x2, Medivac  
  145  11:56  Marine  
  145  11:57  Planetary Fortress, Marine  
  145  11:59  Marine x2  
  145  12:00  Medivac  
  156  12:05  Siege Tank  
  156  12:06  Factory, Marine x2  
  156  12:07  Factory  
  156  12:08  Marine  
  161  12:12  SCV x2  
  161  12:14  Marine x2, SCV  
  161  12:15  Marine x2  
Tags
 
Add a new tag
Caveats
  • Supply blocks, unpowered buildings, or Contaminate may cause inaccurate times.
  • Supply counts are checked every 10 seconds.